Map: Frozen Temple

Players

Miszu - Winner!

  • Race: Terran Terran
  • League: Master

Matiz

  • Race: Zerg Zerg
  • League: Master

VOD

Have the link to the VOD?

Description

Time

  • Played on: April 2, 2016, 11:57 a.m.
  • Length: 11:29
Show
View Real Time Build Order
Export as new Build Order

Miszu Terran - Winner!

Build Orders: Liberator Opening, Reaper Expand, MMM Bio 

Get SALT Encoding   

  12  0:00  SCV  
  13  0:12  SCV  
  14  0:21  Supply Depot  
  14  0:24  SCV  
  15  0:43  SCV  
  15  0:44  Barracks  
  15  0:46  Refinery  
  16  0:55  SCV  
  17  1:07  SCV  
  18  1:20  SCV  
  19  1:31  Reaper  
  20  1:33  Orbital Command  
  20  1:39  Command Center  
  20  1:50  Supply Depot  
  20  1:55  Refinery  
  20  1:58  SCV  
  21  2:04  Barracks Reactor  
  21  2:10  SCV  
  22  2:21  Factory  
  22  2:22  SCV  
  23  2:34  SCV  
  24  2:41  Marine x2  
  26  2:46  SCV  
  27  2:53  Orbital Command  
  27  2:56  Bunker  
  27  2:59  SCV  
  27  3:02  Marine x2  
  30  3:11  Starport, SCV, Factory Tech Lab  
  31  3:19  SCV  
  32  3:20  Marine  
  32  3:23  Marine, SCV  
  35  3:31  Liberator  
  35  3:32  Supply Depot, SCV  
  36  3:35  SCV  
  36  3:38  Marine  
  38  3:44  SCV  
  38  3:47  SCV  
  39  3:50  Siege Tank  
  45  3:56  SCV  
  45  4:00  SCV  
  47  4:08  SCV  
  47  4:09  Command Center  
  48  4:12  SCV  
  48  4:14  Liberator  
  49  4:20  SCV  
  50  4:24  SCV  
  50  4:25  Barracks  
  50  4:26  Barracks  
  50  4:27  Supply Depot  
  54  4:43  Refinery  
  54  4:44  Refinery  
  54  4:48  Engineering Bay, SCV x2  
  54  4:50  Engineering Bay  
  56  5:00  SCV x2  
  56  5:02  Marine x2  
  60  5:10  Siege Tank  
  60  5:12  Barracks Tech Lab  
  60  5:13  Barracks Tech Lab, SCV x2  
  62  5:14  Terran Infantry Weapons Level 1  
  62  5:16  Terran Infantry Armor Level 1  
  62  5:17  Starport Reactor  
  62  5:22  Orbital Command  
  62  5:24  Marine  
  62  5:25  SCV x2  
  65  5:29  Marine  
  65  5:30  Stimpack  
  65  5:32  Combat Shields  
  65  5:34  Marine  
  67  5:36  Marine  
  67  5:37  SCV  
  67  5:40  SCV  
  67  5:42  Marine  
  70  5:46  Marine  
  72  5:53  SCV x2, Orbital Command  
  72  5:55  SCV  
  72  5:56  Barracks  
  75  5:57  Marine x2, Barracks  
  77  6:07  Missile Turret  
  77  6:21  SCV  
  77  6:26  Missile Turret  
  77  6:33  Marine  
  77  6:34  Supply Depot, Medivac x2, SCV x2  
  77  6:35  Supply Depot  
  77  6:37  Supply Depot  
  77  6:38  Supply Depot  
  82  6:45  Barracks Reactor x2  
  82  6:46  Marine, SCV x2  
  85  6:48  Missile Turret  
  85  6:49  Orbital Command  
  85  6:55  Marine x3  
  85  6:58  SCV x2  
  90  7:01  Supply Depot  
  90  7:04  Marine  
  91  7:10  SCV x2  
  91  7:13  Marine  
  91  7:15  Bunker  
  94  7:16  Marine x2  
  94  7:18  Siege Tank, SCV  
  94  7:22  SCV x2  
  102  7:23  Armory  
  102  7:27  Marine x3  
  102  7:28  Marine x2  
  107  7:31  Marine  
  107  7:32  Supply Depot  
  107  7:34  Marine, SCV  
  110  7:45  Marine  
  110  7:47  Marine  
  110  7:49  Medivac x2, SCV  
  99  8:07  Marine  
  99  8:08  Marine x7  
  99  8:09  SCV x2  
  111  8:13  Terran Infantry Armor Level 2, Terran Infantry Weapons Level 2  
  111  8:16  Barracks  
  111  8:17  Barracks  
  111  8:18  Barracks  
  111  8:19  Medivac, Thor  
  117  8:23  Supply Depot  
  117  8:24  Supply Depot  
  117  8:25  Marine  
  117  8:26  Marine x3  
  123  8:27  Marauder  
  123  8:31  Terran Vehicle Weapons Level 1  
  123  8:35  Marine x2, Marauder  
  127  8:43  Marine x2  
  127  8:44  Marine x2  
  127  8:45  Supply Depot  
  127  8:48  Supply Depot, Marauder  
  133  8:49  Supply Depot  
  133  8:52  Marine  
  133  8:53  Marine  
  135  8:57  Marauder  
  135  9:01  Marine x2  
  135  9:02  Marine  
  140  9:03  Marine x2  
  129  9:10  Marine x2, Marauder  
  129  9:13  SCV x3  
  129  9:15  Marine  
  135  9:18  Marauder  
  135  9:19  Marine x2  
  135  9:20  Marine  
  140  9:25  SCV x2  
  140  9:26  Marine x3  
  140  9:28  Marine x2  
  140  9:31  Marauder, Thor  
  155  9:32  Medivac  
  157  9:38  Supply Depot  
  157  9:39  Marine, Marauder  
  157  9:42  Supply Depot, Marine  
  157  9:44  Marine  
  164  9:52  Marauder  
  164  9:55  Medivac  
  164  9:58  Marine  
  167  10:01  Marauder  
  167  10:02  Medivac  
  167  10:03  Marine  
  167  10:04  Marine x2  
  174  10:07  Marine  
  174  10:14  Marauder  
  140  10:22  Marauder  
  140  10:25  Marine  
  140  10:26  Marine x6  
  140  10:27  Marine, Widow Mine  
  140  10:28  Marine, Medivac  
  148  10:32  Medivac  
  148  10:35  Marauder  
  153  10:43  Marine, Marauder  
  156  10:50  Marine  
  156  10:54  Marine  
  156  10:57  Marauder  
  158  11:01  Marine x5  
  158  11:02  Marine x2  
  164  11:05  Marauder  
  164  11:08  Marine  
Show
View Real Time Build Order
Export as new Build Order

Matiz Zerg 

Build Orders: Hatch First, Muta Ling Bane 

Get SALT Encoding   

  12  0:01  Drone  
  13  0:12  Overlord  
  13  0:17  Drone  
  14  0:23  Extractor, Drone  
  15  0:31  Drone  
  15  0:35  Drone  
  17  0:52  Hatchery  
  17  0:55  Drone  
  17  0:58  Drone  
  17  1:01  Extractor  
  17  1:06  Drone  
  18  1:21  Spawning Pool, Drone  
  18  1:29  Drone  
  19  1:38  Overlord  
  19  2:08  Queen x2  
  23  2:09  Zergling x4  
  23  2:13  Zergling x4  
  23  2:15  Metabolic Boost  
  27  2:21  Drone  
  27  2:22  Drone  
  29  2:26  Drone  
  30  2:32  Drone  
  31  2:37  Drone  
  31  2:43  Queen, Drone  
  35  2:53  Overlord  
  35  3:07  Hatchery  
  35  3:10  Overlord  
  35  3:12  Drone x2  
  35  3:16  Drone x2  
  37  3:20  Drone  
  37  3:23  Drone x2  
  40  3:31  Overlord  
  40  3:35  Overlord  
  39  3:45  Zergling x4  
  39  3:46  Zergling x6  
  44  3:54  Drone  
  44  3:55  Drone x2  
  47  4:00  Queen  
  49  4:03  Drone x4  
  49  4:08  Overlord  
  53  4:12  Drone  
  53  4:14  Lair  
  54  4:21  Queen  
  56  4:25  Drone x2  
  56  4:26  Drone  
  59  4:33  Extractor  
  59  4:34  Drone x3  
  59  4:36  Drone  
  59  4:38  Baneling Nest, Drone  
  62  4:39  Drone  
  63  4:47  Drone x2  
  65  4:52  Spore Crawler  
  65  4:54  Drone x5  
  65  4:56  Spore Crawler  
  65  4:57  Drone, Spore Crawler  
  68  5:02  Drone x2  
  68  5:05  Drone  
  68  5:06  Drone  
  72  5:09  Drone  
  73  5:17  Overlord x2  
  73  5:18  Extractor  
  72  5:24  Evolution Chamber x2  
  72  5:25  Extractor, Drone  
  72  5:26  Drone x3  
  72  5:27  Overlord  
  73  5:37  Extractor, Drone x4  
  73  5:38  Extractor, Drone  
  76  5:44  Spire  
  76  5:47  Overlord  
  76  5:48  Drone x4  
  76  5:49  Drone  
  80  6:03  Baneling x2  
  80  6:09  Drone x2  
  80  6:10  Drone x2  
  80  6:11  Drone x4  
  87  6:15  Zergling x2  
  88  6:21  Zerg Melee Weapons Level 1, Centrifical Hooks  
  88  6:23  Overlord  
  88  6:27  Zergling x4, Zerg Ground Armor Level 1  
  90  6:32  Overlord  
  90  6:37  Zergling x4  
  92  6:44  Hatchery  
  92  6:45  Zergling x4, Baneling x4  
  92  6:46  Zergling x14  
  100  6:58  Overseer  
  100  7:02  Hatchery  
  100  7:04  Overlord  
  99  7:10  Mutalisk x5  
  99  7:12  Overlord  
  108  7:16  Zerg Flyer Weapons Level 1  
  108  7:22  Overlord, Mutalisk  
  108  7:25  Zergling x12  
  108  7:26  Zergling x4  
  108  7:28  Overlord  
  118  7:35  Baneling  
  118  7:36  Zergling x2, Baneling x9  
  121  7:37  Zergling x6  
  121  7:39  Overseer  
  122  7:44  Mutalisk  
  122  7:47  Zergling x6  
  100  8:07  Mutalisk x2  
  100  8:08  Mutalisk  
  100  8:09  Zergling x2  
  100  8:10  Zergling x18  
  111  8:14  Pneumatized Carapace  
  111  8:15  Zergling x4  
  113  8:20  Baneling x3  
  113  8:21  Zergling x10, Baneling x3  
  113  8:25  Drone x5  
  113  8:26  Overlord  
  123  8:33  Zergling x4  
  125  8:36  Zergling x4  
  125  8:37  Infestation Pit  
  126  8:46  Baneling x5  
  126  8:49  Baneling x6  
  126  8:50  Zergling x20  
  126  8:53  Zergling x8  
  126  8:54  Zergling x2  
  141  8:58  Extractor, Drone x2  
  142  9:04  Zergling x6  
  139  9:11  Overlord  
  139  9:14  Zergling x2  
  139  9:15  Zergling x12  
  139  9:16  Baneling x6  
  145  9:17  Hive  
  145  9:20  Overlord  
  145  9:24  Overlord  
  145  9:27  Drone x6  
  145  9:28  Drone  
  152  9:37  Zergling x12  
  158  9:40  Baneling x3  
  158  9:42  Overlord  
  157  9:53  Zergling x14  
  157  9:54  Zergling x2  
  125  10:24  Zergling x30  
  125  10:26  Baneling x4  
  125  10:27  Baneling  
  128  10:35  Zergling x6  
  126  10:36  Zergling x10, Ultralisk Cavern  
  126  10:38  Baneling x2  
  126  10:41  Baneling x2  
  130  10:49  Baneling x2  
  121  10:51  Zergling x8, Baneling  
  121  10:52  Zergling x6  
  122  10:57  Mutalisk x2  
  122  10:58  Hatchery, Mutalisk x2  
  122  11:00  Zergling x4  
Tags
 
Add a new tag
Caveats
  • Supply blocks, unpowered buildings, or Contaminate may cause inaccurate times.
  • Supply counts are checked every 10 seconds.